 Dungeon Crawl Stone Soup version 0.25.1-2-g60ff931df9 (webtiles) character file.

Game seed: 18417347747696229948

847 H0rd4k the Charlatan (level 8, 0/57 HPs)
             Began as a Human Artificer on Oct 2, 2020.
             Slain by an orc wizard
             ... wielding a +0 dagger
              (4 damage)
             ... on level 6 of the Dungeon on Oct 5, 2020.
             The game lasted 00:09:51 (6758 turns).

H0rd4k the Charlatan (Human Artificer)              Turns: 6758, Time: 00:09:52

Health: 0/57       AC:  6    Str: 15    XL:     8   Next: 20%
Magic:  11/11      EV: 13    Int: 12    God:
Gold:   165        SH:  5    Dex: 13    Spells: 7/7 levels left

rFire    . . .     SeeInvis .   t - +0 falchion
rCold    . . .     Gourm    .   (no shield)
rNeg     . . .     Faith    .   b - +0 leather armour
rPois    .         Spirit   .   y - +0 helmet
rElec    .         Reflect  +   (no cloak)
rCorr    +         Harm     .   (no gloves)
MR       .....                  s - +1 pair of boots
Stlth    ++........             i - amulet of reflection
HPRegen  0.19/turn              u - ring of resist corrosion
MPRegen  0.12/turn              (no ring)

@: no status effects
A: no striking features
a: no special abilities


You were on level 6 of the Dungeon.
You were not hungry.

You visited 1 branch of the dungeon, and saw 6 of its levels.

You collected 165 gold pieces.

Inventory:

Hand Weapons
 a - a +0 short sword
 t - a +0 falchion (weapon)
Missiles
 o - 4 poisoned darts (quivered)
Armour
 b - a +0 leather armour (worn)
 s - a +1 pair of boots (worn)
 y - a +0 helmet (worn)
Jewellery
 i - an amulet of reflection (around neck)
 u - a ring of resist corrosion (left hand)
Wands
 d - a wand of enslavement (13)
 e - a wand of random effects (12)
Scrolls
 h - a scroll of immolation {unknown}
 k - a scroll of enchant armour
 l - 5 scrolls of remove curse
 n - 2 scrolls of identify
 q - a scroll of teleportation
 r - 5 scrolls of blinking
Potions
 g - a potion of invisibility {unknown}
 j - 2 potions of flight
 m - 3 potions of heal wounds
 p - a potion of cancellation {unknown}
 v - 3 potions of stabbing {unknown}
 w - a potion of curing {unknown}
 x - 2 potions of degeneration {unknown}
 z - a potion of resistance
Comestibles
 c - 3 chunks of flesh
 f - 7 rations


   Skills:
 + Level 2.8 Fighting
 + Level 3.2(4.1) Short Blades
 + Level 3.8(4.4) Long Blades
 + Level 1.4 Throwing
 + Level 3.2 Armour
 + Level 3.9 Dodging
 + Level 2.0 Stealth
 + Level 4.1 Evocations


You had 7 spell levels left.
You didn't know any spells.
Your spell library was empty.

Dungeon Overview and Level Annotations

Branches:
Dungeon (6/15)
 Temple: D:4-7

Altars:
Ashenzari
Fedhas
Nemelex Xobeh
Trog
Vehumet
Zin
The Shining One

Annotations:
D:3 exclusion: 2 downstairs
D:6 Edmund, Grinder


Message History

The orc wizard mumbles some strange words.
The orc wizard blinks!
The orc wizard hits you with a +0 club.
The orc warrior shouts!
You hit the orc wizard but do no damage.
The orc wizard is severely wounded.
The orc warrior throws a boomerang.
The boomerang hits you.
The weapon returns to the orc warrior!
The orc wizard barely misses you.
The orc warrior throws a boomerang.
The boomerang hits you!
The weapon returns to the orc warrior!
You barely miss the orc wizard.
The orc wizard is severely wounded.
The orc wizard hits you with a +0 club.
The orc warrior throws a boomerang.
The boomerang hits you!
* * * LOW HITPOINT WARNING * * *
The weapon returns to the orc warrior!
You closely miss the orc wizard.
The orc wizard is severely wounded.
You block the orc wizard's attack.
The orc wizard hits you with a +0 dagger.
You die...

...## ##........ ....#
##.....(... ....#
###.....o.(.. ....#
#####(....(......
....###......o.........
.......................
.....###.##.#..#.......
.....##.......(.###
###......#...#..@)# #
#...#).#...##o#o#
###..#⌠..#+##.⌠#..#
##....#.........#....
##.#####.......#.###.$.
...# #......... .....
...# +..._...+.. ....
.... #.......#.. ...
...# #.......## ...


You could see an orc warrior and 2 orc wizards.

Vanquished Creatures
  An ice beast (D:5)
  An ogre (D:6)
  A centaur (D:5)
  A scorpion (D:6)
  A howler monkey (D:4)
  2 hounds (D:4)
  5 orc wizards
  A bullfrog skeleton (D:4)
  Terence (D:2)
  3 worker ants
  8 adders
  An ooze (D:1)
  2 adder skeletons
  2 worms
  4 dart slugs
  4 leopard geckos
  17 orcs
  3 bats
  5 giant cockroaches
  3 goblins
  4 hobgoblins
  4 frilled lizards
  2 kobolds (D:2)
  A leopard gecko zombie (D:6)
  A quokka skeleton (D:4)
  6 rats
  A plant (D:2)
85 creatures vanquished.

Vanquished Creatures (others)
  An orc priest (D:3)
  An orc (D:3)
2 creatures vanquished.

Grand Total: 87 creatures vanquished

Notes
Turn   | Place    | Note
-------+----------+-------------------------------------------
     0 | D:1      | H0rd4k the Human Artificer began the quest for the Orb.
     0 | D:1      | Reached XP level 1. HP: 15/15 MP: 3/3
   319 | D:1      | Reached XP level 2. HP: 15/21 MP: 4/4
   818 | D:2      | Reached XP level 3. HP: 15/26 MP: 5/5
  1675 | D:2      | Reached XP level 4. HP: 31/32 MP: 6/6
  1777 | D:2      | Noticed Terence
  1791 | D:2      | Killed Terence
  1791 | D:2      | Reached skill level 1 in Armour
  3170 | D:3      | Reached XP level 5. HP: 17/37 MP: 7/7
  3504 | D:3      | Reached XP level 6. HP: 9/44 MP: 8/8
  4238 | D:3      | Found a blossoming altar of Fedhas.
  4606 | D:3      | Reached skill level 4 in Evocations
  5425 | D:4      | You fall into a shaft and drop 1 floor!
  5425 | D:5      | Entered Level 5 of the Dungeon
  5461 | D:5      | Noticed an ice beast
  5512 | D:4      | Reached skill level 1 in Long Blades
  5512 | D:4      | Reached XP level 7. HP: 26/50 MP: 10/10
  5963 | D:4      | Found a glowing golden altar of the Shining One.
  6032 | D:4      | Reached skill level 1 in Throwing
  6227 | D:5      | Found a bloodstained altar of Trog.
  6229 | D:5      | Found a glowing silver altar of Zin.
  6244 | D:5      | Found a radiant altar of Vehumet.
  6397 | D:5      | Noticed a water moccasin
  6409 | D:6      | Noticed Grinder
  6409 | D:6      | Noticed Edmund
  6410 | D:6      | Found a sparkling altar of Nemelex Xobeh.
  6438 | D:6      | Reached XP level 8. HP: 41/57 MP: 11/11
  6608 | D:6      | Found a shattered altar of Ashenzari.
  6758 | D:6      | Slain by an orc wizard

Illustrated notes

Levels and vault maps discovered:
D:1:      minmay_arrival_five_plusses, layout_loops_ring, minmay_misc_feat_tiny
D:2:      layout_basic, first_ration, moated_statue, serial_bayou_lake_a,
          uniq_terence
D:3:      layout_loops_ring, lemuel_doored_altar
D:4:      layout_rooms, tso_altar, minmay_hedge_maze
D:5:      layout_rooms, grunt_temple_overflow_open, gammafunk_ghost_arena,
          grunt_decor_cap, chequers_decorated_corner, minmay_chambers_of_fives
D:6:      layout_cave_pods, led_sif_pool, evilmike_ruin_ashenzari,
          nemelex_xobeh_ov_fountains_minmay, minmay_checkerbox,
          uniq_blork_the_orc, uniq_grinder, uniq_edmund

Skill      XL: |  1  2  3  4  5  6  7  8 |
---------------+-------------------------+-----
Short Blades   | 2 3 |  3.2
Armour         | 1 2 3 |  3.2
Fighting       | 2 |  2.8
Evocations     | 4 |  4.1
Dodging        | 3 |  3.9
Long Blades    | 1 3 |  3.8
Throwing       | 1 |  1.4
Stealth        | 2 |  2.0

Action                   |  1- 3 |  4- 6 |  7- 9 || total
-------------------------+-------+-------+-------++-------
Melee: Short sword       |    99 |   356 |       ||   455
       Falchion          |       |    85 |   102 ||   187
Throw: Dart              |       |     5 |    19 ||    24
Evoke: Wand              |     3 |    11 |     6 ||    20
  Use: Scroll            |     1 |       |     4 ||     5
       Potion            |       |     1 |       ||     1
 Stab: Sleeping          |     1 |       |       ||     1
       Distracted        |       |       |     1 ||     1
  Eat: Chunk             |     2 |    13 |     5 ||    20
Armor: Leather armour    |    14 |    60 |    25 ||    99
Dodge: Dodged            |    47 |   169 |    71 ||   287
Block: Other             |    14 |    71 |    27 ||   112
       Reflection        |       |     2 |     2 ||     4
       Rpst.: Falchion   |       |    14 |    27 ||    41
